 Dungeon Crawl Stone Soup version 0.31-a0-846-gb3bcc0d938 (webtiles) character file.

Game seed: 5843051288612289825

78044 Zenkrye the Bludgeoner (level 15, -2/126 HPs)
             Began as an Armataur Fighter on Aug 17, 2023.
             Was a High Priest of Okawaru.
             Killed from afar by a fire dragon (36 damage)
             ... with a blast of flame
             ... on level 13 of the Dungeon on Oct 3, 2023.
             The game lasted 01:04:19 (18484 turns).

Zenkrye the Bludgeoner (Armataur Fighter)          Turns: 18484, Time: 01:04:20

Health: -2/126     AC: 31    Str: 31    XL:     15   Next: 17%
Magic:  15/15      EV:  4    Int:  4    God:    Okawaru [*****.]
Gold:   2695       SH: 13    Dex: 13    Spells: 14/14 levels left

rFire   . . .        q - +2 eveningstar
rCold   . . .        n - +0 kite shield
rNeg    + + +        t - +0 plate armour
rPois   +            D - +2 helmet {SInv}
rElec   +            (no cloak)
rCorr   .            e - +0 pair of gloves
SInv    +            H - +4 barding of Himiotao {+Blink Slay+2}
Will    +....        v - amulet of regeneration Stlth
                     C - +6 ring of strength
HPRegen 1.21/turn    N - ring "Wuwaor" {Fly rElec rPois rN+++ Int-5}
MPRegen 0.14/turn

%: roll
@: flying
A: large, rugged brown scales 3, deformed body, armoured tail, roll, long
tongue, awkward tongue
a: Renounce Religion, Evoke Blink, Heroism, Finesse, Duel


You were on level 13 of the Dungeon.
You worshipped Okawaru.
Okawaru was extremely pleased with you.
You visited 5 branches of the dungeon, and saw 22 of its levels.
You also visited: Ice Cave.

You collected 2695 gold pieces.

Inventory:

Hand Weapons
 b - a +1 mace of holy wrath
 q - a +2 eveningstar (weapon)
 J - a +1 demon whip of draining
Missiles
 g - 6 silver javelins
 k - 22 boomerangs (quivered)
 m - 4 javelins
Armour
 e - a +0 pair of gloves (worn)
 n - a +0 kite shield (worn)
 t - a +0 plate armour (worn)
 z - the +0 buckler of the Pleiades {rF+}
   (You found it on level 6 of the Dungeon)

   rF+:       It protects you from fire.
 D - a +2 helmet of see invisible (worn)
 H - the +4 barding of Himiotao (worn) {+Blink Slay+2}
   (You acquired it on level 6 of the Dungeon)

   Slay+2:    It affects your accuracy & damage with ranged weapons and melee
   (+2).
   +Blink:    It lets you blink.
 Q - a +2 chain mail of poison resistance
 S - a scarf of resistance
Jewellery
 c - a ring of ice
 r - a ring of resist corrosion
 v - an amulet of regeneration (around neck)
 C - a +6 ring of strength (left hand)
 N - the ring "Wuwaor" (right hand) {Fly rElec rPois rN+++ Int-5}
   (You found it on level 5 of the Lair of Beasts)

   [ring of poison resistance]

   Int-5:     It affects your intelligence (-5).
   rElec:     It insulates you from electricity.
   rPois:     It protects you from poison rN+++: It renders you almost immune to
   negative energy.
   Fly:       It grants you flight.
Wands
 l - a wand of digging (3) {@v1}
 s - a wand of polymorph (9)
 B - a wand of roots (5)
 E - a wand of mindburst (22)
 M - a wand of flame (11)
Scrolls
 h - 8 scrolls of teleportation {@r3}
 i - a scroll of identify {@r1}
 o - 2 scrolls of silence
 w - 2 scrolls of revelation
 x - a scroll of enchant armour
 y - 4 scrolls of fog
 A - 3 scrolls of blinking {@r4}
 F - a scroll of vulnerability
 I - 3 scrolls of fear
 L - a scroll of immolation
 R - a scroll of amnesia
Potions
 a - a potion of mutation
 d - a potion of magic
 f - 5 potions of resistance {@q6}
 j - 2 potions of might {@q4}
 p - 3 potions of heal wounds {@q2}
 u - 5 potions of curing {@q1}
 G - 2 potions of ambrosia
 K - a potion of attraction
 O - a potion of brilliance
 P - a potion of cancellation {unknown}


   Skills:
 * Level 7.5 Fighting
 - Level 17.0 Maces & Flails
 + Level 15.6 Armour
 + Level 14.4 Shields
 - Level 5.0 Evocations


You had 14 spell levels left.
You didn't know any spells.
Your spell library contained the following spells:

 Spells                   Type           Power      Damage    Failure   Level
 Ensorcelled Hibernation  Hex/Ice        0%         N/A       99%         2
 Jinxbite                 Hex            0%         N/A       99%         2
 Scorch                   Fire           0%         2d5       99%         2
 Gell's Gravitas          Tloc           0%         N/A       100%        3
 Ozocubu's Armour         Ice            0%         N/A       100%        3
 Portal Projectile        Hex/Tloc       0%         N/A       100%        3
 Teleport Other           Tloc           0%         N/A       100%        3
 Volatile Blastmotes      Fire/Tloc      0%         2d10      100%        3
 Anguish                  Hex/Necr       0%         N/A       100%        4
 Cause Fear               Hex            0%         N/A       100%        4
 Flame Wave               Conj/Fire      0%         2d4       100%        4
 Fulminant Prism          Conj/Hex       0%         3d5       100%        4
 Iskenderun's Mystic Bla  Conj/Tloc      0%         2d3       100%        4
 Leda's Liquefaction      Hex/Erth       0%         N/A       100%        4
 Passage of Golubria      Tloc           0%         N/A       100%        4
 Metabolic Englaciation   Hex/Ice        0%         N/A       100%        5
 Yara's Violent Unravell  Hex/Tmut       0%         3d3       100%        5
 Dispersal                Tloc           0%         N/A       100%        6
 Enfeeble                 Hex            0%         N/A       100%        7
 Orb of Destruction       Conj           0%         9d5       100%        7
 Ozocubu's Refrigeration  Ice            0%         4d7       100%        7
 Polar Vortex             Ice            0%         N/A       100%        9
 Call Canine Familiar     Summ           Unusable   N/A       N/A         3
 Summon Guardian Golem    Hex/Summ       Unusable   N/A       N/A         3
 Tukima's Dance           Hex            Unusable   N/A       N/A         3
 Simulacrum               Ice/Necr       Unusable   N/A       N/A         6
 Summon Cactus Giant      Summ           Unusable   N/A       N/A         6
 Spellforged Servitor     Conj/Summ      Unusable   N/A       N/A         7

Dungeon Overview and Level Annotations

Branches:
Dungeon (13/15)            Temple (1/1) D:6            Lair (5/5) D:11
 Shoals (0/4) Lair:2        Snake (1/4) Lair:3        Slime (0/5) Lair:4
    Orc (2/2) D:11            Elf (0/3) Orc:2         IceCv (visited)
 Vaults: D:13-14

Altars:
Ashenzari
Cheibriados
Dithmenos
Elyvilon
Fedhas
Gozag
Hepliaklqana
Kikubaaqudgha
Makhleb
Nemelex Xobeh
Okawaru
Qazlal
Ru
Sif Muna
Trog
Uskayaw
Vehumet
Wu Jian
Xom
Yredelemnul
Zin
The Shining One
Jiyva

Shops:
D:3 !   D:5 *   Orc:2 =([(

Annotations:
D:4 1 runed translucent door, Zonian's ghost, amateur OpSh


Innate Abilities, Weirdness & Mutations

You are completely covered in rugged brown scales. (AC +3, +7% HP)
Armour fits poorly on your strangely shaped body.
You have a long armoured tail.
You roll when moving toward enemies. (Rampage)
Your long tongue fully drains potion bottles. (2x potion effects)
Your tongue gives you trouble enunciating. (1.5x scroll delay)


Message History

You see here a yak skeleton.
Things that are here:
a polar bear skeleton; a wolf skeleton; a yak skeleton
Things that are here:
a +0 troll leather armour; a troll skeleton Done exploring.
There is a stone staircase leading down here.
You fly downwards.
The fire dragon roars deafeningly!
You hear two shouts! x2; You hear a shout! x2
Found a book of Burglary.
Found an escape hatch in the ceiling.
There is a stone staircase leading up here.
You roll towards the fire dragon!
The fire dragon breathes flames at you. The blast of flame hits you!!!
The fire burns you terribly!
You roll towards the fire dragon!
You closely miss the fire dragon. You hit the fire dragon.
The fire dragon is lightly wounded.
A two-headed ogre opens the door.
The fire dragon completely misses you. You block the fire dragon's attack.
The fire dragon tramples you but does no damage.
A green ugly thing comes into view.
The green ugly thing gurgles horribly!
You puncture the fire dragon!
The fire dragon is lightly wounded.
A cyclops comes into view.
The fire dragon breathes flames at you. The blast of flame hits you!!!
The fire burns you terribly!
* * * LOW HITPOINT WARNING * * *
The green ugly thing moves out of view.
You hear a shout!
You're wearing all the rings you can.
Remove which one? (? for menu, Esc to cancel) < or
c - a ring of ice > or
N - the ring "Wuwaor" {Fly rElec rPois rN+++ Int-5} You remove your ring of ice.
You feel stronger.
C - a +6 ring of strength (left hand)
The fire dragon breathes flames at you. The blast of flame hits you!!!
You die...

......... ........
....... .....C
#...#
########...#####
#.<.............
#...D@..<.......
#O..............
..'...............
.u#...............
. #.....:.........
#####.##+####..#
..# ... .... ..


You could see a fire dragon (catching breath), a green ugly thing, a two-headed
ogre and a cyclops.

Vanquished Creatures
  Saint Roka (Orc:2)
  An ettin (Orc:1)
  4 hydras
  2 two-headed ogres (Orc:2)
  4 boulder beetles
  3 catoblepae (Lair:5)
  A tengu warrior (D:11)
  17 death yaks
  3 skysharks
  Lodul (D:11)
  A deep elf pyromancer (D:12)
  5 orc knights
  A mana viper (Lair:4)
  2 orc sorcerers (Orc:2)
  2 manticores (Lair:5)
  2 cyclopes
  2 merfolk sirens (Lair:2)
  5 black mambas
  7 elephants
  A guardian serpent (Lair:3)
  8 cane toads
  A torpor snail (Lair:5)
  2 gargoyles
  5 rime drakes
  2 kobold demonologists
  2 unseen horrors (D:11)
  6 freezing wraiths (IceCv)
  6 komodo dragons
  An anaconda simulacrum (IceCv)
  8 ice devils (IceCv)
  2 merfolk (Lair:2)
  3 polar bears
  10 trolls
  18 blink frogs
  4 dream sheep (Lair:2)
  9 slime creatures
  A vampire (D:10)
  3 shadows
  A dire elephant simulacrum (IceCv)
  56 yaks
  3 wyverns
  A wraith (D:10)
  A fire bat (Lair:4)
  8 basilisks
  Grum (D:10)
  A death yak simulacrum (IceCv)
  A harpy simulacrum (IceCv)
  7 vampire mosquitoes
  2 wargs (Orc:2)
  2 acid dragons
  15 water moccasins
  A hydra simulacrum (IceCv)
  Duvessa (D:7)
  2 sky beasts
  3 black bears
  43 orc warriors
  2 ice beasts
  12 ogres
  12 wolves
  7 centaurs
  A phantom (D:5)
  4 kobold brigands
  7 bullfrogs
  A gnoll sergeant (D:6)
  6 cane toad simulacra (IceCv)
  8 scorpions
  3 wights (D:7)
  Dowan (D:7)
  An elephant simulacrum (IceCv)
  4 killer bees
  An electric eel (Lair:1)
  3 hounds
  2 jellies
  13 orc priests
  A gnoll bouda (D:9)
  A sleepcap (D:5)
  5 iguanas
  24 orc wizards
  15 hell rats
  3 spriggan simulacra (IceCv)
  4 polar bear simulacra (IceCv)
  4 wolf simulacra (IceCv)
  Robin (D:3)
  9 gnolls
  8 adders
  A shadow imp (D:8)
  2 white imps
  7 ufetubi
  3 worms
  2 dart slugs
  95 orcs
  7 ball pythons
  3 bats
  2 bat zombies (D:8)
  5 endoplasms
  3 giant cockroaches
  15 goblins
  6 hobgoblins
  2 jackals (D:1)
  4 quokkas
  3 frilled lizards
  22 kobolds
  2 rat zombies (D:8)
652 creatures vanquished.

Vanquished Creatures (others)
  An ugly thing (IceCv)
  A gnoll (D:6)
2 creatures vanquished.

Grand Total: 654 creatures vanquished

Notes
Turn   | Place    | Note
-------+----------+-------------------------------------------
     0 | D:1      | Zenkrye the Armataur Fighter began the quest for the Orb.
     0 | D:1      | Reached XP level 1. HP: 19/19 MP: 1/1
    70 | D:1      | Reached skill level 2 in Maces & Flails
   384 | D:1      | Reached XP level 2. HP: 26/26 MP: 2/2
   873 | D:2      | Reached skill level 3 in Maces & Flails
  1006 | D:2      | Reached XP level 3. HP: 32/32 MP: 3/3
  1530 | D:3      | Noticed Robin
  1673 | D:3      | Killed Robin
  1674 | D:3      | Reached skill level 4 in Maces & Flails
  1674 | D:3      | Reached XP level 4. HP: 34/39 MP: 4/4
  1806 | D:3      | Found Xaoprikh's Distillery.
  2075 | D:3      | You fall into a shaft and drop 2 floors!
  2075 | D:5      | Entered Level 5 of the Dungeon
  2114 | D:4      | Found a runed translucent door.
  2117 | D:4      | Noticed Zonian's ghost (amateur OpSh)
  2147 | D:4      | Reached XP level 5. HP: 44/44 MP: 5/5
  2185 | D:4      | Reached skill level 5 in Maces & Flails
  2235 | D:4      | Found an ornate altar of the Wu Jian Council.
  3174 | D:3      | Reached XP level 6. HP: 45/52 MP: 6/6
  3634 | D:5      | Reached skill level 6 in Maces & Flails
  3814 | D:5      | Found Gozag's Platinum Reserve.
  3816 | D:5      | Found an opulent altar of Gozag.
  3828 | D:5      | Noticed a sky beast
  3836 | D:5      | Killed a sky beast
  3855 | D:5      | Noticed an ice beast
  3861 | D:5      | Killed an ice beast
  3862 | D:5      | Reached skill level 7 in Maces & Flails
  3862 | D:5      | Reached XP level 7. HP: 38/59 MP: 7/7
  4033 | D:5      | Found a hazy altar of Hepliaklqana.
  4043 | D:5      | Reached skill level 8 in Maces & Flails
  4437 | D:5      | Found a burning altar of Makhleb.
  4514 | D:5      | Upgraded the game from 0.31-a0-564-g3b7de120b3 to
                  | 0.31-a0-833-gc15d34cb79
  4538 | D:6      | Reached XP level 8. HP: 63/66 MP: 8/8
  4540 | D:6      | Reached skill level 9 in Maces & Flails
  4897 | D:6      | Found a staircase to the Ecumenical Temple.
  4901 | D:6      | Reached skill level 10 in Maces & Flails
  4907 | Temple   | Entered the Ecumenical Temple
  4924 | Temple   | Became a worshipper of Warmaster Okawaru
  5009 | D:6      | Identified the +0 buckler of the Pleiades {rF+}
  5053 | D:6      | Found a basalt altar of Yredelemnul.
  5212 | D:6      | Identified a scroll of acquirement
  5212 | D:6      | Acquired the +4 barding of Himiotao {+Blink Slay+2}
  5262 | D:7      | Reached * piety under Okawaru
  5263 | D:7      | Reached XP level 9. HP: 72/72 MP: 9/9
  5297 | D:7      | Reached skill level 11 in Maces & Flails
  5523 | D:7      | Noticed Duvessa
  5527 | D:7      | Noticed Dowan
  5528 | D:7      | Killed Duvessa
  5533 | D:7      | Killed Dowan
  6162 | D:8      | Reached skill level 12 in Maces & Flails
  6278 | D:8      | Reached ** piety under Okawaru
  6346 | D:8      | Found an ancient bone altar of Kikubaaqudgha.
  6434 | D:8      | Identified the +0 scale mail of Fatt {rC+ rN+ Dex+2}
  6592 | D:9      | Reached skill level 1 in Evocations
  6610 | D:9      | Identified the +4 mace "Fuwuuta" {venom, Will+}
  6710 | D:9      | Found a sparkling altar of Nemelex Xobeh.
  7120 | D:9      | Found a bloodstained altar of Trog.
  7275 | D:10     | Entered Level 10 of the Dungeon
  7327 | D:10     | Reached XP level 10. HP: 74/79 MP: 10/10
  7332 | D:10     | Noticed Maggie
  7336 | D:10     | Reached *** piety under Okawaru
  7337 | D:10     | Reached skill level 13 in Maces & Flails
  7337 | D:10     | Maggie changed into Maggie the orc
  7337 | D:10     | Noticed Maggie
  7340 | D:10     | Killed Maggie the orc
  7531 | D:10     | Found a sacrificial altar of Ru.
  7542 | D:10     | Noticed a gargoyle
  7547 | D:10     | Killed a gargoyle
  7631 | D:10     | Identified the +2 falchion of the Enchanted Forest {freeze,
                  | rElec rN+}
  7635 | D:10     | Identified the +3 trident of Chagrin {heavy, rF+}
  7700 | D:10     | Found a runed translucent door.
  7705 | D:10     | Noticed Grum
  7740 | D:10     | Killed Grum
  7746 | D:10     | Reached **** piety under Okawaru
  7747 | D:10     | Reached skill level 5 in Evocations
  8113 | D:11     | Found a staircase to the Orcish Mines.
  8124 | D:10     | Reached skill level 14 in Maces & Flails
  8306 | D:11     | Reached ***** piety under Okawaru
  8307 | D:11     | Reached XP level 11. HP: 71/86 MP: 11/11
  8423 | D:11     | Noticed Lodul
  8439 | D:11     | Reached skill level 15 in Maces & Flails
  8539 | D:11     | Acquired 272 gold pieces
  8557 | D:11     | Found a staircase to the Lair.
  8638 | D:11     | Noticed a tengu warrior
  8669 | D:11     | Killed a tengu warrior
  8726 | D:11     | Found the +18 Lear's hauberk
  8824 | D:11     | Killed Lodul
  9230 | D:11     | Noticed a boulder beetle
  9238 | D:11     | Killed a boulder beetle
  9420 | Lair:1   | Entered Level 1 of the Lair of Beasts
  9455 | D:11     | HP: 4/86 [komodo dragon (7)]
  9614 | Lair:1   | Noticed a death yak
  9626 | Lair:1   | Noticed a death yak
  9627 | Lair:1   | Killed a death yak
  9627 | Lair:1   | Received a gift from Okawaru
  9627 | Lair:1   | Noticed a death yak
  9628 | Lair:1   | Reached skill level 16 in Maces & Flails
  9628 | Lair:1   | Reached skill level 5 in Armour
  9824 | Lair:1   | Noticed a death yak
  9825 | Lair:1   | Noticed a death yak
  9835 | Lair:1   | Killed a death yak
  9836 | Lair:1   | Reached skill level 5 in Shields
  9841 | Lair:1   | Killed a death yak
  9843 | Lair:1   | Killed a death yak
  9881 | Lair:1   | Killed a death yak
  9882 | Lair:1   | Reached XP level 12. HP: 68/94 MP: 9/12
 10500 | Lair:2   | Reached ****** piety under Okawaru
 10504 | Lair:2   | Received a gift from Okawaru
 10635 | Lair:2   | Found a staircase to the Shoals.
 10991 | Lair:2   | Reached skill level 10 in Armour
 11052 | Lair:2   | Received a gift from Okawaru
 11693 | Lair:3   | Found a staircase to the Snake Pit.
 11822 | Lair:3   | Reached skill level 10 in Shields
 11958 | Lair:3   | Reached XP level 13. HP: 93/99 MP: 13/13
 12357 | Snake:1  | Entered Level 1 of the Snake Pit
 12373 | Lair:4   | Noticed Nessos
 12374 | Lair:4   | Nessos changed into Nessos the mana viper
 12374 | Lair:4   | Noticed Nessos
 12381 | Lair:4   | Killed Nessos the mana viper
 12381 | Lair:4   | Received a gift from Okawaru
 12435 | Lair:4   | Noticed Sonja
 12437 | Lair:4   | Sonja changed into Sonja the fire bat
 12437 | Lair:4   | Noticed Sonja
 12439 | Lair:4   | Killed Sonja the fire bat
 12724 | Lair:4   | Found a staircase to the Slime Pits.
 12724 | Lair:4   | Found a viscous altar of Jiyva.
 13366 | Lair:5   | Entered Level 5 of the Lair of Beasts
 13394 | Lair:4   | Received a gift from Okawaru
 13402 | Lair:4   | Acquired a +1 demon whip of draining
 13402 | Lair:4   | Received a gift from Okawaru
 13728 | Lair:5   | Received a gift from Okawaru
 13989 | Lair:5   | Received a gift from Okawaru
 14000 | Lair:5   | Reached XP level 14. HP: 56/107 MP: 11/14
 14119 | Lair:5   | Reached skill level 17 in Maces & Flails
 14276 | Lair:5   | Identified the ring "Wuwaor" {Fly rElec rPois rN+++ Int-5}
 14712 | Lair:5   | Received a gift from Okawaru
 14863 | Lair:5   | Upgraded the game from 0.31-a0-833-gc15d34cb79 to
                  | 0.31-a0-846-gb3bcc0d938
 15057 | Orc:1    | Entered Level 1 of the Orcish Mines
 15734 | Orc:2    | Entered Level 2 of the Orcish Mines
 15877 | Orc:2    | Found a staircase to the Elven Halls.
 16075 | Orc:2    | Noticed Saint Roka
 16188 | Orc:2    | Killed Saint Roka
 16189 | Orc:2    | Reached skill level 5 in Fighting
 16189 | Orc:2    | Reached skill level 15 in Armour
 16277 | Orc:2    | Found Xaezuykh's Antique Weapon Shoppe.
 16279 | Orc:2    | Found Riewk's Antique Armour Emporium.
 16424 | Orc:2    | Received a gift from Okawaru
 16757 | Orc:2    | Found Sodikk's Jewellery Shoppe.
 16789 | Orc:2    | Found Dayt's Antique Weapon Emporium.
 17229 | D:12     | Identified the +1 ring mail of Patterns {Harm Rampage rPois
                  | Str-4}
 17441 | D:12     | Received a gift from Okawaru
 17714 | D:12     | Found a frozen archway.
 17725 | D:12     | Reached XP level 15. HP: 117/125 MP: 15/15
 17750 | IceCv    | Entered an ice cave
 17877 | IceCv    | Found an ancient bone altar of Kikubaaqudgha.
 18484 | D:13     | Killed from afar by a fire dragon

Illustrated notes

Levels and vault maps discovered:
D:1:      psy_arrival_basics, layout_basic
D:2:      layout_loops_cross
D:3:      layout_loops_ring, serial_shops, shop, uniq_robin
D:4:      layout_basic, mainiacjoe_overflow_concentric_impassable,
          hellmonk_ghost_happy_afterlife
D:5:      layout_cave_pools, nicolae_gozag_zags_fifth_avenue,
          nzn_hepliaklqana_mist_gate, lightli_temple_of_fire,
          guppyfry_early_lair_pool
D:6:      layout_rooms, mainiacjoe_overflow_tiny_flanked,
          minmay_temple_entry_junction
D:7:      layout_loops_cross, serial_glass, glass_columns_a, glass_columns_c,
          uniq_duvessa
D:8:      layout_basic, lemuel_zombie_altar_kikubaaqudgha
D:9:      layout_long_grid, trog_butcher_becter, kennysheep_little_box
D:10:     layout_rooms, kennysheep_mini, st_stairs_10, lightli_church_of_beogh,
          uniq_grum, uniq_maggie
D:11:     layout_cave_pools, david_lair_generic, orc_david_3,
          serial_co_window_serial, co_window_paths_a,
          co_window_of_opportunity_a, co_window_paths_b, co_window_corner_a,
          co_window_of_opportunity_a, co_window_of_opportunity_c,
          co_window_unsneaky_path_b, co_window_broadway_c, co_window_corner_b,
          co_window_corner_ca, co_window_cross_2, co_window_4corner_a,
          glass_columns_a, glass_columns_a, glass_columns_b, glass_columns_a,
          hellmonk_guarded_unrand_lears, uniq_lodul
D:12:     layout_long_grid, portal_ice_cave_entry_animals_and_master,
          mrwooster_statue_mirror, nzn_sisyphean_effort
D:13:     layout_gridville, nicolae_two_hexagons
Temple:   compressed_dpeg_triangle_lava_temple
Lair:1:   layout_roguey, infiniplex_staircase_pool
Lair:2:   layout_roguey, elwin_shoals_entry_stream, nicolae_volcano_entry_s_turn
Lair:3:   layout_long_grid, minmay_snake_entry_spellcaster, grunt_megastairs_3
Lair:4:   layout_hall_layers, minmay_slime_entry_pillars, uniq_sonja,
          uniq_nessos
Lair:5:   evilmike_catoblepas_cave, layout_misc_corridors, st_stairs_13,
          lemuel_fruit_fields
Snake:1:  layout_rooms, serial_shops, shop
Orc:1:    cheibrodos_orc_arena, layout_diamond_mine
Orc:2:    grunt_orc_community_town_hall, layout_caves,
          grunt_orc_community_big_house_1, grunt_orc_community_big_house_1,
          grunt_orc_community_house_2, grunt_orc_community_house_2,
          grunt_orc_community_house_2, grunt_orc_community_house_1,
          grunt_orc_community_house_1, grunt_orc_community_house_2

Skill      XL: |  1  2  3  4  5  6  7  8  9 10 11 12 13 14 15 |
---------------+----------------------------------------------+-----
Maces & Flails | 2 3 4 5 7 8 10 12 14 16 17 | 17.0
Evocations     | 3 5 |  5.0
Armour         | 7 11 13 15 | 15.6
Shields        | 6 10 12 14 | 14.4
Fighting       | 6 7 |  7.5

Action                     |  1- 3 |  4- 6 |  7- 9 | 10-12 | 13-15 || total
---------------------------+-------+-------+-------+-------+-------++-------
  Melee: Flail             |    91 |   152 |   137 |       |       ||   380
         Tailslap          |     7 |    11 |    38 |   105 |   214 ||   375
         Eveningstar       |       |       |   145 |   633 |  1147 ||  1925
  Throw: Dart              |     2 |       |       |       |       ||     2
         Boomerang         |       |    13 |     7 |    16 |    25 ||    61
         Javelin           |       |       |       |       |    10 ||    10
 Invoke: Heroism           |       |       |       |     1 |    14 ||    15
         Finesse           |       |       |       |     1 |     4 ||     5
         Receive Weapon    |       |       |       |       |     1 ||     1
  Evoke: Wand              |       |       |     1 |    10 |     4 ||    15
    Use: Scroll            |     6 |     7 |     7 |    11 |     7 ||    38
         Potion            |       |     1 |     2 |     6 |     2 ||    11
   Stab: Invisible         |       |       |     3 |       |       ||     3
 Armour: Chain mail        |    66 |    37 |       |       |       ||   103
         Plate armour      |       |   104 |   304 |   658 |   850 ||  1916
  Dodge: Dodged            |    29 |    51 |    44 |    42 |   111 ||   277
  Block: Buckler           |    27 |    48 |    24 |       |       ||    99
         Kite shield       |       |       |    75 |   178 |   537 ||   790

Table legend: (Time is in decaauts)
 A = Elapsed time spent in this place.
 B = Non-inter-level travel time spent in this place.
 C = Inter-level travel time spent in this place.
 D = Time resting spent in this place.
 E = Time spent auto-exploring this place.
 F = Levels seen in this place.
 G = Mean time per level.
                   A        B        C        D        E       F      G
               +--------+--------+--------+--------+--------+-----+--------+
         Total |  18420 |  17578 |    842 |    989 |  12156 |  23 |  800.9 |
       Dungeon |  10582 |  10120 |    462 |    478 |   7314 |  13 |  814.0 |
        Temple |     23 |     23 |      0 |      0 |      0 |   1 |   23.0 |
          Lair |   5310 |   5026 |    284 |    422 |   3304 |   5 | 1062.0 |
     Snake Pit |      1 |      1 |      0 |      0 |      0 |   1 |    1.0 |
  Orcish Mines |   1895 |   1800 |     95 |     35 |   1255 |   2 |  947.5 |
      Ice Cave |    606 |    606 |      0 |     53 |    282 |   1 |  606.0 |
               +--------+--------+--------+--------+--------+-----+--------+

Top non-repeatable levels by time:
    D:11: 1412 daAuts
  Lair:4: 1263 daAuts
  Lair:5: 1198 daAuts
   Orc:2: 1176 daAuts
  Lair:2: 1101 daAuts
     D:4: 1059 daAuts
     D:2: 997 daAuts
     D:5: 995 daAuts
    D:10: 927 daAuts
     D:3: 917 daAuts
  Lair:3: 874 daAuts
  Lair:1: 872 daAuts
     D:7: 802 daAuts
     D:1: 767 daAuts
     D:9: 738 daAuts
